Flames vs Sharks

Created - Friday, December 04, 2015 at 02:08

Goals
1 2 3 T
Flames 1 0 1 2
Sharks 2 0 2 4
Shots
1 2 3 T
Flames 10 7 15 32
Sharks 14 6 6 26

1st period

1. Sharks , Vernon Fiddler 4 (Derek Roy, Dion Phaneuf) at 5:43 (PP)
2. Sharks , Richard Panik 3 (Tomas Fleischmann, Luca Sbisa) at 18:02
3. Flames , Sean Monahan 13 (Dougie Hamilton) at 19:49 (PP)

Penalties :
Chris Kunitz (Cal) for Holding Stick (Minor) at 2:10, Dion Phaneuf (SJ ) for Cross-checking (Minor) at 2:23, Chris Kunitz (Cal) for Hooking (Minor) at 5:26, Chris Kunitz (Cal) for Interference (Minor) at 15:12, Jay Harrison (SJ ) for Holding Stick (Minor) at 19:21

2nd period

No Goal

Penalties :
Olli Jokinen (SJ ) for Tripping (Minor) at 3:54, Dion Phaneuf (SJ ) for Hooking (Minor) at 6:42, Nicolas Deslauriers (SJ ) for Interference (Minor) at 11:45, Jason Spezza (Cal) for Interference (Minor) at 16:21

3rd period

4. Flames , Jason Pominville 8 (Jason Spezza, Jaden Schwartz) at 9:11 (PP)
5. Sharks , Richard Panik 4 (Tomas Fleischmann, Jay Harrison) at 13:09
6. Sharks , Tomas Fleischmann 4 (Dion Phaneuf, Mike Green) at 19:41 (Empty Net)

Penalties :
Mark Barberio (SJ ) for Goalie Interference (Minor) at 1:00, Lance Bouma (Cal) for Hooking (Minor) at 4:33, Nicolas Deslauriers (SJ ) for Hooking (Minor) at 7:57, Dougie Hamilton (Cal) for Hooking (Minor) at 13:12, Vernon Fiddler (SJ ) for Cross-checking (Minor) at 17:22, Dougie Hamilton (Cal) for Tripping (Minor) at 17:25

Goalie Stats

James Reimer (Cal), 22 saves from 25 shots - (0.880), L, 3-2-0, 59:30 minutes
Jonathan Quick (SJ ), 30 saves from 32 shots - (0.938), W, 8-12-1, 60:00 minutes

Players Stats for Flames

Player Name              G  A  P  +/- PIM S  H  SB GA TA FO     MP     PP MP  PK MP  
------------------------------------------------------------------------------------
Aleksander Barkov        0  0  0   0  0   0  0  1  3  0  3/10   12:28   0:00   4:09 
Brian Campbell           0  0  0  -1  0   4  1  2  0  0  0/0    23:04   5:09   4:01 
Chris Kunitz             0  0  0  -1  6   2  1  0  2  0  0/0    10:32   0:00   0:19 
David Savard             0  0  0  -1  0   4  2  3  0  1  0/0    15:08   0:00   4:28 
Dougie Hamilton          0  1  1  -2  4   0  0  0  0  0  0/0    18:44   4:55   0:00 
Jaden Schwartz           0  1  1   0  0   4  3  1  4  2  0/0    15:17   5:03   0:00 
Jason Pominville         1  0  1  -1  0   2  0  0  0  0  0/1    13:52   5:03   0:00 
Jason Spezza             0  1  1  -1  2   2  1  1  1  1  13/18  17:34   5:03   0:03 
Johnny Gaudreau          0  0  0  -1  0   2  1  0  1  1  0/0    15:39   4:51   0:00 
Kris Russell             0  0  0  -1  0   4  2  3  1  1  0/0    20:04   4:45   3:58 
Lance Bouma              0  0  0   0  2   0  1  3  1  0  0/0    10:49   0:00   3:03 
Martin St. Louis         0  0  0  -1  0   1  0  0  0  1  0/0    17:24   4:51   0:03 
Michael Frolik           0  0  0  -1  0   3  2  1  1  0  0/1    15:03   0:00   4:09 
Mikael Backlund          0  0  0  -1  0   0  0  0  1  0  8/15   14:25   0:00   4:17 
Reilly Smith             0  0  0  -1  0   1  0  0  2  0  0/0     8:45   0:00   0:55 
Ryan Murray              0  0  0   0  0   2  1  2  0  1  0/0    20:28   4:58   0:00 
Sean Monahan             1  0  1  -1  0   1  3  1  2  0  5/13   15:39   4:51   0:00 
TJ Brodie                0  0  0  -1  0   0  1  2  1  3  0/0    22:47   0:00   4:31 

Players Stats for Sharks

Player Name              G  A  P  +/- PIM S  H  SB GA TA FO     MP     PP MP  PK MP  
------------------------------------------------------------------------------------
Brad Richards            0  0  0   0  0   0  1  0  2  0  6/11   14:53   3:30   2:03 
Brian Gionta             0  0  0   0  0   1  0  0  0  0  4/13   22:17   3:30   6:01 
Curtis Glencross         0  0  0   0  0   1  3  0  1  0  1/3     9:07   0:00   2:12 
Derek Roy                0  1  1   0  0   1  0  0  3  0  0/1    15:23   4:56   0:00 
Dion Phaneuf             0  2  2   1  4   4  1  6  0  3  0/0    26:03   3:44   4:16 
Erik Cole                0  0  0   0  0   2  1  3  2  0  0/1    19:41   3:30   6:36 
Ian Cole                 0  0  0   0  0   0  1  1  0  0  0/0     5:02   0:00   0:00 
Jay Harrison             0  1  1   2  2   1  3  3  0  2  0/0    15:07   0:00   5:25 
Luca Sbisa               0  1  1   2  0   0  3  1  0  1  0/0    16:28   4:44   0:13 
Mark Barberio            0  0  0   0  2   0  1  0  0  0  0/0    12:48   0:00   0:00 
Maxim Lapierre           0  0  0   3  0   3  1  0  0  0  5/7    12:15   0:03   0:00 
Mike Green               0  1  1   1  0   1  1  4  0  2  0/0    25:21   3:45   6:28 
Mike Weber               0  0  0   0  0   2  1  1  0  1  0/0    21:18   4:44   3:26 
Nicolas Deslauriers      0  0  0   0  4   0  2  0  0  0  0/0     8:11   0:00   0:53 
Olli Jokinen             0  0  0   0  2   2  1  0  1  1  2/3    17:58   4:56   0:00 
Richard Panik            2  0  2   2  0   3  0  0  1  1  0/0    11:24   0:00   0:00 
Tomas Fleischmann        1  2  3   3  0   3  0  0  5  0  0/1    13:09   0:20   0:00 
Vernon Fiddler           1  0  1   1  2   2  0  1  4  1  11/18  19:51   4:42   2:03 

3 Stars

1 - Tomas Fleischmann (SJ )
2 - Richard Panik (SJ )
3 - Luca Sbisa (SJ )

Power Play

Flames - 2 on 8 Attempt(s) - 25.00%
Sharks - 1 on 7 Attempt(s) - 14.29%

Penalty Kill

Flames - 6 on 7 Attempt(s) - 85.71% - Score 0 goal in Penalty Kill
Sharks - 6 on 8 Attempt(s) - 75.00% - Score 0 goal in Penalty Kill

Team Stat

Flames - Hits : 19 - Faceoff Wins : 29 - Blocked Shots : 20 - Penalty Minutes : 14
Sharks - Hits : 20 - Faceoff Wins : 29 - Blocked Shots : 20 - Penalty Minutes : 16

Official

Referees : Unknown
Linesman : Unknown

Game Notes

Tomas Fleischmann has scored in a empty net!

Finance

Level 1 -- Attendance: 4186 (69.77%) -- Ticket Income $372,554
Level 2 -- Attendance: 3129 (62.58%) -- Ticket Income $215,901
Level 3 -- Attendance: 1483 (74.15%) -- Ticket Income $51,905
Level 4 -- Attendance: 2517 (62.93%) -- Ticket Income $62,925
Luxury Box -- Attendance: 654 (65.40%) -- Ticket Income $130,146
Game was played at the HP Pavilion.
Total Attendance: 11969 (66.49%)
Total Ticket Income: $833,431
Other Income: $408,381
Total Income: $1,241,812

Flames

5 vs 5 Forward 
   Center                   Left Wing                Right Wing               Time % Phy DF OF 
 1 Jason Spezza             Jaden Schwartz           Martin St. Louis         30     0   1  4  
 2 Sean Monahan             Johnny Gaudreau          Jason Pominville         25     0   1  4  
 3 Mikael Backlund          Chris Kunitz             Michael Frolik           25     0   2  3  
 4 Aleksander Barkov        Lance Bouma              Reilly Smith             20     1   2  2  

5 vs 5 Defense 
   Defense                  Defense                                           Time % Phy DF OF 
 1 TJ Brodie                Ryan Murray                                       35     1   2  2  
 2 Kris Russell             Dougie Hamilton                                   30     1   2  2  
 3 Brian Campbell           David Savard                                      25     1   2  2  
 4 TJ Brodie                Dougie Hamilton                                   10     1   2  2  

PowerPlay Forward 
   Center                   Left Wing                Right Wing               Time % Phy DF OF 
 1 Jason Spezza             Jaden Schwartz           Jason Pominville         50     0   0  5  
 2 Sean Monahan             Johnny Gaudreau          Martin St. Louis         50     0   0  5  

PowerPlay Defense
   Defense                  Defense                                           Time % Phy DF OF 
 1 Brian Campbell           Dougie Hamilton                                   50     0   1  4  
 2 Kris Russell             Ryan Murray                                       50     0   1  4  

Penalty Kill 4 Players Forward 
   Center                   Wing                     Time % Phy DF OF 
 1 Aleksander Barkov        Michael Frolik           50     0   5  0  
 2 Mikael Backlund          Lance Bouma              50     0   5  0  

Penalty Kill 4 Players Defense
   Defense                  Defense                  Time % Phy DF OF 
 1 TJ Brodie                David Savard             50     0   5  0  
 2 Kris Russell             Brian Campbell           50     0   5  0  

Penalty Kill - 3 Players Forward 
   Forward                                           Time % Phy DF OF 
 1 Aleksander Barkov                                 50     0   5  0  
 2 Mikael Backlund                                   50     0   5  0  

Penalty Kill - 3 Players Defense
   Defense                  Defense                  Time % Phy DF OF 
 1 TJ Brodie                Brian Campbell           50     0   5  0  
 2 Kris Russell             David Savard             50     0   5  0  

4 vs 4 Forward 
   Center                   Wing                     Time % Phy DF OF 
 1 Jason Spezza             Martin St. Louis         50     1   2  2  
 2 Sean Monahan             Johnny Gaudreau          50     1   2  2  

4 vs 4 Defense
   Defense                  Defense                  Time % Phy DF OF 
 1 TJ Brodie                Dougie Hamilton          50     1   2  2  
 2 Brian Campbell           Ryan Murray              50     1   2  2  

Last Minutes Offensive
   Center                   Left Wing                Right Wing               Defense                  Defense                  
   Jason Spezza             Jaden Schwartz           Martin St. Louis         Ryan Murray              Dougie Hamilton          

Last Minutes Defensive
   Center                   Left Wing                Right Wing               Defense                  Defense                  
   Mikael Backlund          Lance Bouma              Michael Frolik           TJ Brodie                David Savard             

Goaltenders
Starting : James Reimer             
Backup : Antti Niemi              

Extra Forwards
Normal : Reilly Smith, Mikael Backlund, Aleksander Barkov - PP : Reilly Smith, Mikael Backlund - PK : Reilly Smith
Extra Defensemen
Normal : Dougie Hamilton, TJ Brodie, Brian Campbell - PP : TJ Brodie - PK : Dougie Hamilton, Brian Campbell
Penalty Shots
Jason Spezza, Sean Monahan, Jason Pominville, Johnny Gaudreau, Martin St. Louis

Sharks

5 vs 5 Forward 
   Center                   Left Wing                Right Wing               Time % Phy DF OF 
 1 Brad Richards            Erik Cole                Brian Gionta             35     1   2  2  
 2 Vernon Fiddler           Olli Jokinen             Derek Roy                30     1   2  2  
 3 Maxim Lapierre           Tomas Fleischmann        Richard Panik            22     1   2  2  
 4 Brian Gionta             Curtis Glencross         Nicolas Deslauriers      13     1   2  2  

5 vs 5 Defense 
   Defense                  Defense                                           Time % Phy DF OF 
 1 Dion Phaneuf             Mike Green                                        35     1   2  2  
 2 Mike Weber               Mark Barberio                                     30     1   2  2  
 3 Luca Sbisa               Jay Harrison                                      22     1   2  2  
 4 Ian Cole                 Dion Phaneuf                                      13     1   2  2  

PowerPlay Forward 
   Center                   Left Wing                Right Wing               Time % Phy DF OF 
 1 Brad Richards            Erik Cole                Brian Gionta             60     1   2  2  
 2 Vernon Fiddler           Olli Jokinen             Derek Roy                40     1   2  2  

PowerPlay Defense
   Defense                  Defense                                           Time % Phy DF OF 
 1 Dion Phaneuf             Mike Green                                        60     1   2  2  
 2 Mike Weber               Luca Sbisa                                        40     1   2  2  

Penalty Kill 4 Players Forward 
   Center                   Wing                     Time % Phy DF OF 
 1 Brian Gionta             Erik Cole                60     1   2  2  
 2 Brad Richards            Vernon Fiddler           40     1   2  2  

Penalty Kill 4 Players Defense
   Defense                  Defense                  Time % Phy DF OF 
 1 Dion Phaneuf             Mike Green               60     1   2  2  
 2 Mike Weber               Jay Harrison             40     1   2  2  

Penalty Kill - 3 Players Forward 
   Forward                                           Time % Phy DF OF 
 1 Brad Richards                                     60     1   2  2  
 2 Erik Cole                                         40     1   2  2  

Penalty Kill - 3 Players Defense
   Defense                  Defense                  Time % Phy DF OF 
 1 Dion Phaneuf             Mike Green               60     1   2  2  
 2 Mike Weber               Luca Sbisa               40     1   2  2  

4 vs 4 Forward 
   Center                   Wing                     Time % Phy DF OF 
 1 Olli Jokinen             Erik Cole                60     1   2  2  
 2 Brad Richards            Vernon Fiddler           40     1   2  2  

4 vs 4 Defense
   Defense                  Defense                  Time % Phy DF OF 
 1 Dion Phaneuf             Mike Green               60     1   2  2  
 2 Mike Weber               Ian Cole                 40     1   2  2  

Last Minutes Offensive
   Center                   Left Wing                Right Wing               Defense                  Defense                  
   Brad Richards            Erik Cole                Brian Gionta             Dion Phaneuf             Mike Green               

Last Minutes Defensive
   Center                   Left Wing                Right Wing               Defense                  Defense                  
   Brad Richards            Erik Cole                Brian Gionta             Dion Phaneuf             Mike Green               

Goaltenders
Starting : Jonathan Quick           
Backup : Joey MacDonald           

Extra Forwards
Normal : Tomas Fleischmann, Maxim Lapierre, Curtis Glencross - PP : Tomas Fleischmann, Maxim Lapierre - PK : Curtis Glencross
Extra Defensemen
Normal : Luca Sbisa, Jay Harrison, Ian Cole - PP : Luca Sbisa - PK : Jay Harrison, Ian Cole
Penalty Shots
Maxim Lapierre, Erik Cole, Brad Richards, Vernon Fiddler, Olli Jokinen

% Time on Ice - Flames

Lines # - Real PCT - Wanted PCT - Time Play
Normal Forward
1 - 30% - 30% - 11:17
2 - 24% - 25% - 8:57
3 - 27% - 25% - 10:08
4 - 20% - 20% - 7:33
Normal Defense
1 - 38% - 35% - 14:24
2 - 30% - 30% - 11:26
3 - 26% - 25% - 10:01
4 - 5% - 10% - 2:04
PP Forward
1 - 51% - 50% - 5:03
2 - 49% - 50% - 4:51
PP Defense
1 - 50% - 50% - 4:56
2 - 50% - 50% - 4:58
PK Forward
1 - 50% - 50% - 4:12
2 - 50% - 50% - 4:17
PK Defense
1 - 53% - 50% - 4:31
2 - 47% - 50% - 3:58
PK3 Forward
1 - 0% - 50%
2 - 0% - 50%
PK3 Defense
1 - 0% - 50%
2 - 0% - 50%
44 Forward
1 - 50% - 50% - 1:51
2 - 50% - 50% - 1:51
44 Defense
1 - 59% - 50% - 2:10
2 - 41% - 50% - 1:32
Last Minute Offensive  - 0:00
Last Minute Defensive  - 0:00
Total
Forward - 60:00
Defense - 60:00

% Time on Ice - Sharks

Lines # - Real PCT - Wanted PCT - Time Play
Normal Forward
1 - 23% - 35% - 8:48
2 - 31% - 30% - 11:52
3 - 30% - 22% - 11:24
4 - 15% - 13% - 5:51
Normal Defense
1 - 32% - 35% - 12:03
2 - 33% - 30% - 12:31
3 - 24% - 22% - 8:56
4 - 12% - 13% - 4:25
PP Forward
1 - 42% - 60% - 3:33
2 - 58% - 40% - 4:56
PP Defense
1 - 44% - 60% - 3:45
2 - 56% - 40% - 4:44
PK Forward
1 - 79% - 60% - 7:51
2 - 21% - 40% - 2:03
PK Defense
1 - 65% - 60% - 6:28
2 - 35% - 40% - 3:26
PK3 Forward
1 - 0% - 60%
2 - 0% - 40%
PK3 Defense
1 - 0% - 60%
2 - 0% - 40%
44 Forward
1 - 72% - 60% - 2:39
2 - 28% - 40% - 1:03
44 Defense
1 - 83% - 60% - 3:05
2 - 17% - 40% - 0:37
Last Minute Offensive  - 0:00
Last Minute Defensive  - 0:00
Total
Forward - 60:00
Defense - 60:00

Play by Play

1st period


0:01 of 1st period - Brad Richards wins face-off versus Jason Spezza in neutral zone.
0:37 of 1st period - Snap shot by Erik Cole.
0:37 of 1st period - Stopped by James Reimer with a rebound.
1:17 of 1st period - Vernon Fiddler is hit by Kris Russell.
1:50 of 1st period - Wrist shot by Richard Panik.
1:50 of 1st period - Shot Misses the Net.
2:10 of 1st period - Minor Penalty to Chris Kunitz for Holding Stick.
2:11 of 1st period - Brad Richards wins face-off versus Michael Frolik in Flames zone.
2:23 of 1st period - Minor Penalty to Dion Phaneuf for Cross-checking.
2:24 of 1st period - Olli Jokinen wins face-off versus Sean Monahan in Sharks zone.
2:42 of 1st period - Slapshot by Olli Jokinen.
2:42 of 1st period - Stopped by James Reimer with a rebound.
3:01 of 1st period - Slapshot by Mike Green.
3:01 of 1st period - Shot Misses the Net.
3:53 of 1st period - TJ Brodie is hit by Luca Sbisa and loses puck.
4:06 of 1st period - Snap shot by Sean Monahan.
4:06 of 1st period - Shot Blocked by Luca Sbisa.
4:10 of 1st period - Penalty to Chris Kunitz is over, Chris Kunitz is back on ice.
4:20 of 1st period - Wrist shot by Jaden Schwartz.
4:20 of 1st period - Shot Misses the Net.
4:23 of 1st period - Penalty to Dion Phaneuf is over, Dion Phaneuf is back on ice.
5:01 of 1st period - Icing by Aleksander Barkov.
5:02 of 1st period - Maxim Lapierre wins face-off versus Aleksander Barkov in Flames zone.
5:09 of 1st period - Wrist shot by Tomas Fleischmann.
5:09 of 1st period - Stopped by James Reimer with a rebound.
5:11 of 1st period - Wrist shot by Mike Weber.
5:11 of 1st period - Stopped by James Reimer with a rebound.
5:13 of 1st period - Wrist shot by Richard Panik.
5:13 of 1st period - Shot Misses the Net.
5:15 of 1st period - Wrist shot by Maxim Lapierre.
5:15 of 1st period - Stopped by James Reimer without a rebound.
5:16 of 1st period - Maxim Lapierre wins face-off versus Mikael Backlund in Flames zone.
5:26 of 1st period - Minor Penalty to Chris Kunitz for Hooking.
5:27 of 1st period - Vernon Fiddler wins face-off versus Aleksander Barkov in Flames zone.
5:39 of 1st period - Slapshot by Dion Phaneuf.
5:39 of 1st period - Stopped by James Reimer with a rebound.
5:41 of 1st period - Snap shot by Derek Roy.
5:41 of 1st period - Stopped by James Reimer with a rebound.
5:43 of 1st period - Wrist shot by Vernon Fiddler.
5:43 of 1st period - Goal by Vernon Fiddler - Flames : 0 - Sharks : 1.
5:44 of 1st period - Mikael Backlund wins face-off versus Erik Cole in neutral zone.
5:57 of 1st period - Slapshot by Dion Phaneuf.
5:57 of 1st period - Stopped by James Reimer with a rebound.
6:20 of 1st period - Backhand shot by Michael Frolik.
6:20 of 1st period - Shot Blocked by Ian Cole.
6:22 of 1st period - Slapshot by Brian Campbell.
6:22 of 1st period - Shot Blocked by Dion Phaneuf.
6:42 of 1st period - Wrist shot by Jason Pominville.
6:42 of 1st period - Stopped by Jonathan Quick without a rebound.
6:43 of 1st period - Vernon Fiddler wins face-off versus Sean Monahan in Sharks zone.
7:34 of 1st period - Ryan Murray is hit by Mark Barberio and loses puck.
8:33 of 1st period - Wrist shot by Jason Spezza.
8:33 of 1st period - Stopped by Jonathan Quick with a rebound.
9:07 of 1st period - Snap shot by Chris Kunitz.
9:07 of 1st period - Shot Misses the Net.
9:09 of 1st period - Slapshot by Michael Frolik.
9:09 of 1st period - Deflect By Chris Kunitz.
9:09 of 1st period - Stopped by Jonathan Quick with a rebound.
9:11 of 1st period - Slapshot by Michael Frolik.
9:11 of 1st period - Shot Misses the Net.
9:13 of 1st period - Slapshot by Brian Campbell.
9:13 of 1st period - Stopped by Jonathan Quick with a rebound.
9:29 of 1st period - Snap shot by Michael Frolik.
9:29 of 1st period - Stopped by Jonathan Quick without a rebound.
9:30 of 1st period - Brad Richards wins face-off versus Sean Monahan in Sharks zone.
10:23 of 1st period - Maxim Lapierre is hit by Lance Bouma and loses puck.
10:44 of 1st period - Slapshot by Dougie Hamilton.
10:44 of 1st period - Shot Blocked by Dion Phaneuf.
10:54 of 1st period - Kris Russell is hit by Maxim Lapierre and loses puck.
11:17 of 1st period - Snap shot by Nicolas Deslauriers.
11:17 of 1st period - Shot Blocked by Jaden Schwartz.
11:19 of 1st period - Snap shot by Curtis Glencross.
11:19 of 1st period - Deflect By Nicolas Deslauriers.
11:19 of 1st period - Shot Misses the Net.
11:19 of 1st period - Puck is out of play.
11:20 of 1st period - Mikael Backlund wins face-off versus Vernon Fiddler in Flames zone.
11:45 of 1st period - Luca Sbisa is hit by Chris Kunitz and loses puck.
12:02 of 1st period - David Savard is hit by Luca Sbisa and loses puck.
12:20 of 1st period - Brad Richards is hit by Sean Monahan.
12:26 of 1st period - Snap shot by Erik Cole.
12:26 of 1st period - Stopped by James Reimer with a rebound.
12:32 of 1st period - Erik Cole is hit by David Savard and loses puck.
12:53 of 1st period - Slapshot by Tomas Fleischmann.
12:53 of 1st period - Shot Blocked by TJ Brodie.
13:20 of 1st period - Off-side.
13:21 of 1st period - Jason Spezza wins face-off versus Brad Richards in neutral zone.
13:44 of 1st period - Dougie Hamilton is hit by Ian Cole and loses puck.
14:14 of 1st period - Snap shot by Vernon Fiddler.
14:14 of 1st period - Stopped by James Reimer without a rebound.
14:15 of 1st period - Aleksander Barkov wins face-off versus Vernon Fiddler in Flames zone.
14:24 of 1st period - Wrist shot by Lance Bouma.
14:24 of 1st period - Shot Misses the Net.
14:26 of 1st period - Slapshot by Ryan Murray.
14:26 of 1st period - Shot Misses the Net.
14:28 of 1st period - Slapshot by Ryan Murray.
14:28 of 1st period - Stopped by Jonathan Quick without a rebound.
14:29 of 1st period - Maxim Lapierre wins face-off versus Aleksander Barkov in Sharks zone.
15:12 of 1st period - Minor Penalty to Chris Kunitz for Interference.
15:13 of 1st period - Vernon Fiddler wins face-off versus Mikael Backlund in Flames zone.
15:17 of 1st period - Slapshot by Mike Weber.
15:17 of 1st period - Shot Blocked by Lance Bouma.
15:19 of 1st period - Snap shot by Vernon Fiddler.
15:19 of 1st period - Deflect By Olli Jokinen.
15:19 of 1st period - Shot Misses the Net.
15:19 of 1st period - Puck is out of play.
15:20 of 1st period - Vernon Fiddler wins face-off versus Mikael Backlund in Flames zone.
16:17 of 1st period - Mike Weber is hit by Michael Frolik and loses puck.
16:24 of 1st period - TJ Brodie is hit by Luca Sbisa and loses puck.
17:12 of 1st period - Penalty to Chris Kunitz is over, Chris Kunitz is back on ice.
17:14 of 1st period - Snap shot by Aleksander Barkov.
17:14 of 1st period - Shot Misses the Net.
17:16 of 1st period - Snap shot by Kris Russell.
17:16 of 1st period - Shot Blocked by Mike Green.
17:48 of 1st period - Wrist shot by Richard Panik.
17:48 of 1st period - Stopped by James Reimer with a rebound.
18:02 of 1st period - Wrist shot by Richard Panik.
18:02 of 1st period - Goal by Richard Panik - Flames : 0 - Sharks : 2.
18:03 of 1st period - Jason Spezza wins face-off versus Olli Jokinen in neutral zone.
18:10 of 1st period - Snap shot by Jason Spezza.
18:10 of 1st period - Shot Blocked by Vernon Fiddler.
18:12 of 1st period - Slapshot by TJ Brodie.
18:12 of 1st period - Shot Misses the Net.
18:14 of 1st period - Wrist shot by Jaden Schwartz.
18:14 of 1st period - Shot Misses the Net.
19:08 of 1st period - Snap shot by Chris Kunitz.
19:08 of 1st period - Shot Misses the Net.
19:10 of 1st period - Slapshot by David Savard.
19:10 of 1st period - Stopped by Jonathan Quick with a rebound.
19:14 of 1st period - Wrist shot by Michael Frolik.
19:14 of 1st period - Shot Blocked by Dion Phaneuf.
19:16 of 1st period - Wrist shot by Michael Frolik.
19:16 of 1st period - Stopped by Jonathan Quick without a rebound.
19:17 of 1st period - Aleksander Barkov wins face-off versus Brad Richards in Sharks zone.
19:18 of 1st period - Snap shot by Reilly Smith.
19:18 of 1st period - Stopped by Jonathan Quick without a rebound.
19:19 of 1st period - Brad Richards wins face-off versus Aleksander Barkov in Sharks zone.
19:21 of 1st period - Minor Penalty to Jay Harrison for Holding Stick.
19:22 of 1st period - Brian Gionta wins face-off versus Sean Monahan in Sharks zone.
19:32 of 1st period - Slapshot by Martin St. Louis.
19:32 of 1st period - Shot Misses the Net.
19:49 of 1st period - Wrist shot by Sean Monahan.
19:49 of 1st period - Goal by Sean Monahan - Flames : 1 - Sharks : 2.
19:50 of 1st period - Vernon Fiddler wins face-off versus Mikael Backlund in neutral zone.
19:55 of 1st period - Slapshot by Dion Phaneuf.
19:55 of 1st period - Stopped by James Reimer without a rebound.
19:56 of 1st period - Mikael Backlund wins face-off versus Vernon Fiddler in Flames zone.
Goals for this period are 1 for Flames vs 2 for Sharks.
Shots for this period are 10 for Flames vs 14 for Sharks.

2nd period


0:01 of 2nd period - Brad Richards wins face-off versus Mikael Backlund in neutral zone.
0:18 of 2nd period - Wrist shot by Mikael Backlund.
0:18 of 2nd period - Shot Blocked by Dion Phaneuf.
1:14 of 2nd period - Snap shot by Vernon Fiddler.
1:14 of 2nd period - Shot Misses the Net.
1:30 of 2nd period - Slapshot by Richard Panik.
1:30 of 2nd period - Shot Misses the Net.
1:32 of 2nd period - Slapshot by Mark Barberio.
1:32 of 2nd period - Shot Misses the Net.
1:34 of 2nd period - Snap shot by Mike Weber.
1:34 of 2nd period - Stopped by James Reimer with a rebound.
1:36 of 2nd period - Snap shot by Maxim Lapierre.
1:36 of 2nd period - Shot Blocked by Lance Bouma.
1:38 of 2nd period - Snap shot by Tomas Fleischmann.
1:38 of 2nd period - Shot Misses the Net.
1:40 of 2nd period - Slapshot by Mike Weber.
1:40 of 2nd period - Shot Blocked by Lance Bouma.
1:42 of 2nd period - Snap shot by Maxim Lapierre.
1:42 of 2nd period - Stopped by James Reimer without a rebound.
1:43 of 2nd period - Jason Spezza wins face-off versus Brian Gionta in Flames zone.
1:43 of 2nd period - Jason Spezza is hit by Curtis Glencross.
1:55 of 2nd period - Wrist shot by Curtis Glencross.
1:55 of 2nd period - Shot Blocked by David Savard.
1:57 of 2nd period - Snap shot by Brian Gionta.
1:57 of 2nd period - Stopped by James Reimer without a rebound.
1:58 of 2nd period - Jason Spezza wins face-off versus Brian Gionta in Flames zone.
1:58 of 2nd period - Jason Spezza is hit by Nicolas Deslauriers.
2:04 of 2nd period - Jaden Schwartz is hit by Nicolas Deslauriers and loses puck.
2:22 of 2nd period - Off-side.
2:23 of 2nd period - Vernon Fiddler wins face-off versus Jason Pominville in neutral zone.
2:28 of 2nd period - Slapshot by Mike Green.
2:28 of 2nd period - Stopped by James Reimer without a rebound.
2:29 of 2nd period - Vernon Fiddler wins face-off versus Sean Monahan in Flames zone.
3:54 of 2nd period - Minor Penalty to Olli Jokinen for Tripping.
3:55 of 2nd period - Brian Gionta wins face-off versus Jason Spezza in Sharks zone.
3:55 of 2nd period - Brian Gionta is hit by Jason Spezza.
4:15 of 2nd period - Snap shot by Jason Spezza.
4:15 of 2nd period - Shot Blocked by Jay Harrison.
4:17 of 2nd period - Slapshot by Kris Russell.
4:17 of 2nd period - Deflect By Jay Harrison.
4:17 of 2nd period - Stopped by Jonathan Quick with a rebound.
5:28 of 2nd period - Slapshot by Jaden Schwartz.
5:28 of 2nd period - Stopped by Jonathan Quick without a rebound.
5:29 of 2nd period - Jason Spezza wins face-off versus Curtis Glencross in Sharks zone.
5:46 of 2nd period - Slapshot by Jay Harrison.
5:46 of 2nd period - Deflect By Brian Campbell.
5:46 of 2nd period - Stopped by James Reimer with a rebound.
5:54 of 2nd period - Penalty to Olli Jokinen is over, Olli Jokinen is back on ice.
6:42 of 2nd period - Minor Penalty to Dion Phaneuf for Hooking.
6:43 of 2nd period - Jason Spezza wins face-off versus Brian Gionta in Sharks zone.
7:14 of 2nd period - Slapshot by Jason Spezza.
7:14 of 2nd period - Shot Misses the Net.
7:16 of 2nd period - Slapshot by Brian Campbell.
7:16 of 2nd period - Shot Blocked by Erik Cole.
7:56 of 2nd period - Martin St. Louis is hit by Jay Harrison and loses puck.
8:23 of 2nd period - Mike Green is hit by Brian Campbell and loses puck.
8:42 of 2nd period - Penalty to Dion Phaneuf is over, Dion Phaneuf is back on ice.
8:48 of 2nd period - Mike Green is hit by Sean Monahan and loses puck.
8:59 of 2nd period - David Savard is hit by Jay Harrison and loses puck.
9:10 of 2nd period - Wrist shot by Dion Phaneuf.
9:10 of 2nd period - Shot Blocked by David Savard.
9:24 of 2nd period - Mike Weber is hit by David Savard and loses puck.
9:49 of 2nd period - Wrist shot by Tomas Fleischmann.
9:49 of 2nd period - Shot Misses the Net.
9:51 of 2nd period - Snap shot by Tomas Fleischmann.
9:51 of 2nd period - Deflect By Richard Panik.
9:51 of 2nd period - Shot Blocked by Brian Campbell.
9:51 of 2nd period - Puck is out of play.
9:52 of 2nd period - Vernon Fiddler wins face-off versus Mikael Backlund in Flames zone.
10:40 of 2nd period - Olli Jokinen is hit by Jaden Schwartz and loses puck.
11:45 of 2nd period - Minor Penalty to Nicolas Deslauriers for Interference.
11:46 of 2nd period - Jason Spezza wins face-off versus Brian Gionta in Sharks zone.
12:34 of 2nd period - Slapshot by Sean Monahan.
12:34 of 2nd period - Shot Misses the Net.
13:15 of 2nd period - Snap shot by Sean Monahan.
13:15 of 2nd period - Shot Blocked by Erik Cole.
13:17 of 2nd period - Slapshot by Brian Campbell.
13:17 of 2nd period - Stopped by Jonathan Quick without a rebound.
13:18 of 2nd period - Sean Monahan wins face-off versus Curtis Glencross in Sharks zone.
13:29 of 2nd period - Snap shot by Jason Pominville.
13:29 of 2nd period - Shot Blocked by Mike Green.
13:31 of 2nd period - Slapshot by Brian Campbell.
13:31 of 2nd period - Deflect By Dion Phaneuf.
13:31 of 2nd period - Stopped by Jonathan Quick with a rebound.
13:33 of 2nd period - Slapshot by Kris Russell.
13:33 of 2nd period - Shot Misses the Net.
13:35 of 2nd period - Slapshot by Ryan Murray.
13:35 of 2nd period - Shot Blocked by Erik Cole.
13:37 of 2nd period - Slapshot by Kris Russell.
13:37 of 2nd period - Stopped by Jonathan Quick without a rebound.
13:38 of 2nd period - Jason Spezza wins face-off versus Brad Richards in Sharks zone.
13:45 of 2nd period - Penalty to Nicolas Deslauriers is over, Nicolas Deslauriers is back on ice.
13:56 of 2nd period - Brian Campbell is hit by Mike Green and loses puck.
14:07 of 2nd period - Snap shot by Mikael Backlund.
14:07 of 2nd period - Shot Misses the Net.
14:09 of 2nd period - Snap shot by Michael Frolik.
14:09 of 2nd period - Stopped by Jonathan Quick without a rebound.
14:10 of 2nd period - Maxim Lapierre wins face-off versus Aleksander Barkov in Sharks zone.
14:41 of 2nd period - Snap shot by Tomas Fleischmann.
14:41 of 2nd period - Shot Misses the Net.
15:05 of 2nd period - Snap shot by Dion Phaneuf.
15:05 of 2nd period - Shot Blocked by Brian Campbell.
15:11 of 2nd period - Snap shot by Nicolas Deslauriers.
15:11 of 2nd period - Shot Misses the Net.
16:21 of 2nd period - Minor Penalty to Jason Spezza for Interference.
16:22 of 2nd period - Mikael Backlund wins face-off versus Brad Richards in Flames zone.
16:31 of 2nd period - Snap shot by Brad Richards.
16:31 of 2nd period - Deflect By Brian Gionta.
16:31 of 2nd period - Shot Blocked by TJ Brodie.
16:31 of 2nd period - Puck is out of play.
16:32 of 2nd period - Mikael Backlund wins face-off versus Brad Richards in Flames zone.
18:21 of 2nd period - Penalty to Jason Spezza is over, Jason Spezza is back on ice.
18:38 of 2nd period - Snap shot by Johnny Gaudreau.
18:38 of 2nd period - Shot Misses the Net.
18:40 of 2nd period - Slapshot by Dougie Hamilton.
18:40 of 2nd period - Shot Misses the Net.
18:42 of 2nd period - Snap shot by Johnny Gaudreau.
18:42 of 2nd period - Stopped by Jonathan Quick without a rebound.
18:43 of 2nd period - Sean Monahan wins face-off versus Maxim Lapierre in Sharks zone.
19:04 of 2nd period - Richard Panik is hit by Sean Monahan and loses puck.
19:31 of 2nd period - Jaden Schwartz is hit by Jay Harrison and loses puck.
19:36 of 2nd period - Slapshot by Dion Phaneuf.
19:36 of 2nd period - Deflect By Curtis Glencross.
19:36 of 2nd period - Stopped by James Reimer with a rebound.
19:38 of 2nd period - Snap shot by Brian Gionta.
19:38 of 2nd period - Shot Misses the Net.
19:50 of 2nd period - Olli Jokinen is hit by Jaden Schwartz and loses puck.
Goals for this period are 0 for Flames vs 0 for Sharks.
Shots for this period are 7 for Flames vs 6 for Sharks.

3rd period


0:01 of 3rd period - Brad Richards wins face-off versus Jason Spezza in neutral zone.
0:43 of 3rd period - Mike Green is hit by Kris Russell and loses puck.
1:00 of 3rd period - Minor Penalty to Mark Barberio for Goalie Interference.
1:01 of 3rd period - Brian Gionta wins face-off versus Sean Monahan in Sharks zone.
1:15 of 3rd period - Snap shot by Sean Monahan.
1:15 of 3rd period - Shot Blocked by Jay Harrison.
1:27 of 3rd period - Slapshot by Martin St. Louis.
1:27 of 3rd period - Stopped by Jonathan Quick with a rebound.
1:29 of 3rd period - Snap shot by Johnny Gaudreau.
1:29 of 3rd period - Shot Misses the Net.
2:14 of 3rd period - Off-side.
2:15 of 3rd period - Curtis Glencross wins face-off versus Sean Monahan in neutral zone.
2:28 of 3rd period - Snap shot by Johnny Gaudreau.
2:28 of 3rd period - Deflect By Dion Phaneuf.
2:28 of 3rd period - Stopped by Jonathan Quick with a rebound.
2:42 of 3rd period - Snap shot by Jason Spezza.
2:42 of 3rd period - Shot Misses the Net.
3:00 of 3rd period - Penalty to Mark Barberio is over, Mark Barberio is back on ice.
3:11 of 3rd period - Mark Barberio is hit by Johnny Gaudreau and loses puck.
3:22 of 3rd period - David Savard is hit by Brad Richards.
3:32 of 3rd period - Slapshot by Michael Frolik.
3:32 of 3rd period - Deflect By Chris Kunitz.
3:32 of 3rd period - Stopped by Jonathan Quick with a rebound.
3:34 of 3rd period - Slapshot by Brian Campbell.
3:34 of 3rd period - Shot Blocked by Dion Phaneuf.
3:36 of 3rd period - Slapshot by David Savard.
3:36 of 3rd period - Stopped by Jonathan Quick with a rebound.
3:38 of 3rd period - Snap shot by Michael Frolik.
3:38 of 3rd period - Shot Misses the Net.
3:40 of 3rd period - Snap shot by David Savard.
3:40 of 3rd period - Shot Blocked by Mike Green.
3:42 of 3rd period - Slapshot by Michael Frolik.
3:42 of 3rd period - Shot Misses the Net.
3:44 of 3rd period - Wrist shot by Michael Frolik.
3:44 of 3rd period - Shot Misses the Net.
3:46 of 3rd period - Slapshot by Brian Campbell.
3:46 of 3rd period - Stopped by Jonathan Quick with a rebound.
3:48 of 3rd period - Slapshot by Michael Frolik.
3:48 of 3rd period - Shot Blocked by Dion Phaneuf.
4:33 of 3rd period - Minor Penalty to Lance Bouma for Hooking.
4:34 of 3rd period - Mikael Backlund wins face-off versus Vernon Fiddler in Flames zone.
5:14 of 3rd period - Luca Sbisa is hit by Michael Frolik and loses puck.
5:36 of 3rd period - Chris Kunitz is hit by Mike Weber and loses puck.
6:11 of 3rd period - Mikael Backlund is hit by Erik Cole and loses puck.
6:33 of 3rd period - Penalty to Lance Bouma is over, Lance Bouma is back on ice.
6:46 of 3rd period - Slapshot by Tomas Fleischmann.
6:46 of 3rd period - Stopped by James Reimer without a rebound.
6:47 of 3rd period - Maxim Lapierre wins face-off versus Jason Spezza in Flames zone.
7:36 of 3rd period - Wrist shot by Johnny Gaudreau.
7:36 of 3rd period - Shot Misses the Net.
7:38 of 3rd period - Slapshot by David Savard.
7:38 of 3rd period - Stopped by Jonathan Quick with a rebound.
7:40 of 3rd period - Slapshot by David Savard.
7:40 of 3rd period - Stopped by Jonathan Quick without a rebound.
7:41 of 3rd period - Sean Monahan wins face-off versus Brian Gionta in Sharks zone.
7:57 of 3rd period - Minor Penalty to Nicolas Deslauriers for Hooking.
7:58 of 3rd period - Sean Monahan wins face-off versus Brian Gionta in Sharks zone.
8:49 of 3rd period - Wrist shot by Jaden Schwartz.
8:49 of 3rd period - Stopped by Jonathan Quick with a rebound.
8:51 of 3rd period - Slapshot by Ryan Murray.
8:51 of 3rd period - Stopped by Jonathan Quick without a rebound.
8:52 of 3rd period - Jason Spezza wins face-off versus Vernon Fiddler in Sharks zone.
8:55 of 3rd period - Snap shot by Jason Pominville.
8:55 of 3rd period - Shot Misses the Net.
8:57 of 3rd period - Slapshot by Kris Russell.
8:57 of 3rd period - Stopped by Jonathan Quick with a rebound.
8:59 of 3rd period - Slapshot by Kris Russell.
8:59 of 3rd period - Shot Blocked by Mike Weber.
9:01 of 3rd period - Slapshot by Ryan Murray.
9:01 of 3rd period - Shot Misses the Net.
9:03 of 3rd period - Snap shot by Jaden Schwartz.
9:03 of 3rd period - Shot Misses the Net.
9:05 of 3rd period - Slapshot by Kris Russell.
9:05 of 3rd period - Stopped by Jonathan Quick with a rebound.
9:07 of 3rd period - Wrist shot by Jaden Schwartz.
9:07 of 3rd period - Stopped by Jonathan Quick with a rebound.
9:09 of 3rd period - Slapshot by Ryan Murray.
9:09 of 3rd period - Deflect By Jaden Schwartz.
9:09 of 3rd period - Stopped by Jonathan Quick with a rebound.
9:11 of 3rd period - Snap shot by Jason Spezza.
9:11 of 3rd period - Deflect By Jason Pominville.
9:11 of 3rd period - Goal by Jason Pominville - Flames : 2 - Sharks : 2.
9:12 of 3rd period - Mikael Backlund wins face-off versus Vernon Fiddler in neutral zone.
9:23 of 3rd period - Wrist shot by Michael Frolik.
9:23 of 3rd period - Shot Blocked by Jay Harrison.
10:19 of 3rd period - Slapshot by Mike Weber.
10:19 of 3rd period - Shot Misses the Net.
10:21 of 3rd period - Slapshot by Maxim Lapierre.
10:21 of 3rd period - Shot Misses the Net.
10:23 of 3rd period - Slapshot by Mark Barberio.
10:23 of 3rd period - Shot Blocked by Ryan Murray.
11:05 of 3rd period - Snap shot by Brad Richards.
11:05 of 3rd period - Shot Blocked by Ryan Murray.
11:11 of 3rd period - Brad Richards is hit by TJ Brodie.
11:30 of 3rd period - Icing by TJ Brodie.
11:31 of 3rd period - Sean Monahan wins face-off versus Brian Gionta in Flames zone.
11:54 of 3rd period - Kris Russell is hit by Curtis Glencross and loses puck.
12:15 of 3rd period - Dougie Hamilton is hit by Olli Jokinen and loses puck.
13:09 of 3rd period - Snap shot by Richard Panik.
13:09 of 3rd period - Goal by Richard Panik - Flames : 2 - Sharks : 3.
13:10 of 3rd period - Jason Spezza wins face-off versus Maxim Lapierre in neutral zone.
13:12 of 3rd period - Minor Penalty to Dougie Hamilton for Hooking.
13:13 of 3rd period - Vernon Fiddler wins face-off versus Aleksander Barkov in Flames zone.
13:15 of 3rd period - Slapshot by Dion Phaneuf.
13:15 of 3rd period - Stopped by James Reimer without a rebound.
13:16 of 3rd period - Vernon Fiddler wins face-off versus Aleksander Barkov in Flames zone.
13:23 of 3rd period - Slapshot by Mike Green.
13:23 of 3rd period - Shot Blocked by Kris Russell.
13:25 of 3rd period - Wrist shot by Olli Jokinen.
13:25 of 3rd period - Stopped by James Reimer without a rebound.
13:26 of 3rd period - Aleksander Barkov wins face-off versus Derek Roy in Flames zone.
13:47 of 3rd period - Slapshot by Mike Green.
13:47 of 3rd period - Shot Blocked by Kris Russell.
13:56 of 3rd period - Wrist shot by Dion Phaneuf.
13:56 of 3rd period - Shot Misses the Net.
13:58 of 3rd period - Slapshot by Derek Roy.
13:58 of 3rd period - Shot Blocked by Kris Russell.
14:18 of 3rd period - Snap shot by Erik Cole.
14:18 of 3rd period - Shot Blocked by Aleksander Barkov.
14:37 of 3rd period - Snap shot by Brad Richards.
14:37 of 3rd period - Shot Misses the Net.
14:39 of 3rd period - Slapshot by Luca Sbisa.
14:39 of 3rd period - Deflect By Brad Richards.
14:39 of 3rd period - Shot Blocked by Michael Frolik.
14:39 of 3rd period - Puck is out of play.
14:40 of 3rd period - Vernon Fiddler wins face-off versus Mikael Backlund in Flames zone.
15:12 of 3rd period - Penalty to Dougie Hamilton is over, Dougie Hamilton is back on ice.
15:13 of 3rd period - Wrist shot by Erik Cole.
15:13 of 3rd period - Shot Blocked by David Savard.
15:35 of 3rd period - Dion Phaneuf is hit by Jaden Schwartz and loses puck.
15:58 of 3rd period - Slapshot by Jason Spezza.
15:58 of 3rd period - Stopped by Jonathan Quick with a rebound.
16:00 of 3rd period - Slapshot by Dougie Hamilton.
16:00 of 3rd period - Deflect By Jason Spezza.
16:00 of 3rd period - Shot Blocked by Mike Green.
16:00 of 3rd period - Puck is out of play.
16:01 of 3rd period - Brian Gionta wins face-off versus Sean Monahan in Sharks zone.
16:38 of 3rd period - Mike Weber is hit by Ryan Murray and loses puck.
16:53 of 3rd period - Mikael Backlund is hit by Curtis Glencross and loses puck.
17:03 of 3rd period - Off-side.
17:04 of 3rd period - Jason Spezza wins face-off versus Vernon Fiddler in neutral zone.
17:22 of 3rd period - Minor Penalty to Vernon Fiddler for Cross-checking.
17:23 of 3rd period - Jason Spezza wins face-off versus Brian Gionta in Sharks zone.
17:25 of 3rd period - Minor Penalty to Dougie Hamilton for Tripping.
17:26 of 3rd period - Olli Jokinen wins face-off versus Jason Spezza in Flames zone.
17:52 of 3rd period - Slapshot by Dion Phaneuf.
17:52 of 3rd period - Shot Blocked by Jason Spezza.
18:18 of 3rd period - TJ Brodie is hit by Dion Phaneuf and loses puck.
18:39 of 3rd period - Snap shot by Erik Cole.
18:39 of 3rd period - Shot Blocked by Sean Monahan.
18:41 of 3rd period - Slapshot by Mike Weber.
18:41 of 3rd period - Shot Misses the Net.
18:43 of 3rd period - Slapshot by Ian Cole.
18:43 of 3rd period - Shot Misses the Net.
19:05 of 3rd period - Wrist shot by Maxim Lapierre.
19:05 of 3rd period - Stopped by James Reimer without a rebound.
19:06 of 3rd period - Barry Trotz call a timeout for Flames.
19:06 of 3rd period - Jason Spezza wins face-off versus Tomas Fleischmann in Flames zone.
19:11 of 3rd period - Flames, James Reimer is pulled from the net.
19:22 of 3rd period - Penalty to Vernon Fiddler is over, Vernon Fiddler is back on ice.
19:25 of 3rd period - Penalty to Dougie Hamilton is over, Dougie Hamilton is back on ice.
19:27 of 3rd period - Slapshot by Martin St. Louis.
19:27 of 3rd period - Shot Misses the Net.
19:41 of 3rd period - Snap shot by Tomas Fleischmann.
19:41 of 3rd period - Goal by Tomas Fleischmann - Flames : 2 - Sharks : 4.
19:41 of 3rd period - James Reimer from Flames was sent back in the game.
19:42 of 3rd period - Mikael Backlund wins face-off versus Brian Gionta in neutral zone.
19:55 of 3rd period - Snap shot by Nicolas Deslauriers.
19:55 of 3rd period - Shot Misses the Net.
19:57 of 3rd period - Snap shot by Curtis Glencross.
19:57 of 3rd period - Shot Misses the Net.
19:59 of 3rd period - Snap shot by Luca Sbisa.
19:59 of 3rd period - Shot Misses the Net.
Goals for this period are 1 for Flames vs 2 for Sharks.
Shots for this period are 15 for Flames vs 6 for Sharks.